 Dungeon Crawl Stone Soup version 0.20.1-1-g8b1a95d (webtiles) character file.

611 roguezilla the Chopper (level 7, -2/67 HPs)
             Began as a Troll Fighter on Nov 18, 2017.
             Was a Follower of Zin.
             Slain by a killer bee (6 damage)
             ... on level 6 of the Dungeon.
             The game lasted 00:11:59 (1060 turns).

roguezilla the Chopper (Troll Fighter)              Turns: 1060, Time: 00:12:01

Health: -2/67      AC:  6    Str: 27    XL:     7   Next: 20%
Magic:  6/6        EV:  9    Int:  4    God:    Zin [*.....]
Gold:   106        SH:  9    Dex:  9    Spells: 3/6 levels left

rFire    . . .     SeeInvis .   d - +0 war axe
rCold    . . .     Gourm    +   j - +0 shield
rNeg     . . .     Faith    .   b - +0 robe
rPois    .         Spirit   .   (helmet restricted)
rElec    .         Reflect  .   a - +0 cloak
rCorr    .         Harm     .   (gloves unavailable)
MR       .....                  (boots unavailable)
Stlth    ..........             (no amulet)
Regen    0.7/turn               e - ring of loudness (curse)
MPRegen  0.1/turn               (no ring)

@: lethally poisoned (-2 -> -23)
A: unfitting armour, claws 3, fast metabolism 3, gourmand, regeneration 1,
shaggy fur 1, tough skin 2
a: Recite, Donate Gold, Renounce Religion


You were on level 6 of the Dungeon.
You worshipped Zin.
Zin was aware of your devotion.
You were not hungry.

You visited 1 branch of the dungeon, and saw 6 of its levels.

You collected 117 gold pieces.
You donated 11 gold pieces to Zin.

Inventory:

Hand Weapons
 d - a +0 war axe (weapon)
Armour
 a - a +0 cloak (worn)
 b - a +0 robe (worn)
 j - a +0 shield (worn)
Jewellery
 e - a cursed ring of loudness (left claw)
Scrolls
 h - a scroll of teleportation
 i - 5 scrolls of identify
Potions
 g - a potion of cancellation {unknown}
Books
 c - a book of Changes

   Spells                             Type                      Level
   a - Beastly Appendage              Transmutation                1
   b - Sticks to Snakes               Transmutation                2
   c - Spider Form                    Transmutation/Poison         3
   d - Ice Form                       Ice/Transmutation            4
   e - Blade Hands                    Transmutation                5
Comestibles
 f - 2 bread rations


   Skills:
 + Level 3.6 Fighting
   Level 1.7 Long Blades
 + Level 4.1(4.2) Axes
   Level 1.0(3.0) Maces & Flails
 + Level 3.6 Dodging
 + Level 0.1 Stealth
 + Level 3.2 Shields
   Level 0.2 Evocations


You had 3 spell levels left.
You knew the following spells:

 Your Spells              Type           Power        Failure   Level  Hunger
a - Beastly Appendage     Tmut           #.....       89%         1    ##.....
b - Sticks to Snakes      Tmut           #.......     96%         2    ###....


Dungeon Overview and Level Annotations

Branches:
Dungeon (6/15)
 Temple: D:4-7

Altars:
Zin


Innate Abilities, Weirdness & Mutations

You are too large for most types of armour.
You have claws for hands.
Your metabolism is lightning-fast.
You like to eat raw meat.
Your natural rate of healing is unusually fast.
You are covered in fur. (AC +1)
You have very tough skin. (AC +2)


Message History

You closely miss the killer bee. You miss the killer bee.
You feel very sick. The killer bee barely misses you.
The killer bee stings you!
* * * LOW HITPOINT WARNING * * *
The killer bee stings you.
* * * LOW HITPOINT WARNING * * *
The killer bee stings you.
* * * LOW HITPOINT WARNING * * *
The killer bee stings you.
* * * LOW HITPOINT WARNING * * *
The killer bee stings you.
* * * LOW HITPOINT WARNING * * *
You closely miss the killer bee.
The killer bee is heavily wounded.
You closely miss the killer bee. You completely miss the killer bee.
Zin protects you from harm!
The killer bee stings you but does no damage.
You block the killer bee's attack. The killer bee barely misses you.
You block the killer bee's attack. The killer bee stings you.
You die...

.....# .#.### ##.# ##.#
##+## ##.# ##...## ...#
##.....## ##.##
##.......##
#...####........y####...
.......'........@yyyy...
#...####........y####...
##.## ##.......## ####
##.....## . ##...## #
##+## . #


You could see 6 killer bees.

Vanquished Creatures
  The ghost of 0x5F3759DF the Grave Robber, an amateur DENe (D:4)
  A phantom (D:4)
  An ogre (D:4)
  A scorpion (D:5)
  A bullfrog zombie (D:5)
  A bullfrog skeleton (D:5)
  A centaur skeleton (D:4)
  A jelly (D:5)
  An orc wizard (D:5)
  An iguana (D:5)
  A hound zombie (D:5)
  An adder (D:3)
  An adder skeleton (D:4)
  An adder zombie (D:5)
  A worm (D:4)
  A leopard gecko (D:5)
  5 orcs
  3 giant cockroaches
  3 goblins
  A kobold (D:1)
  2 quokkas
  3 ball pythons
  2 frilled lizards
  A leopard gecko skeleton (D:4)
  5 rats
41 creatures vanquished.

Vanquished Creatures (others)
  8 toadstools (D:4)
8 creatures vanquished.

Grand Total: 49 creatures vanquished

Notes
Turn   | Place    | Note
-------+----------+-------------------------------------------
     0 | D:1      | roguezilla the Troll Fighter began the quest for the Orb.
     0 | D:1      | Reached XP level 1. HP: 22/22 MP: 0/0
   147 | D:3      | Reached XP level 2. HP: 28/29 MP: 1/1
   419 | D:4      | Noticed a crimson imp
   432 | D:4      | Reached XP level 3. HP: 32/36 MP: 2/2
   447 | D:4      | Reached skill level 1 in Axes
   456 | D:4      | Noticed an ogre
   466 | D:4      | Noticed 0x5F3759DF's ghost (amateur DENe)
   468 | D:4      | Killed an ogre
   468 | D:4      | Reached skill level 2 in Axes
   468 | D:4      | Reached XP level 4. HP: 36/44 MP: 3/3
   468 | D:4      | Reached XP level 5. HP: 42/52 MP: 4/4
   497 | D:4      | Killed 0x5F3759DF's ghost
   497 | D:4      | Reached skill level 3 in Axes
   497 | D:4      | Reached XP level 6. HP: 19/61 MP: 5/5
   523 | D:4      | Learned a level 1 spell: Beastly Appendage
   526 | D:4      | Learned a level 2 spell: Sticks to Snakes
   530 | D:4      | Paralysed by fainting for 8 turns
   558 | D:4      | Paralysed by fainting for 12 turns
   588 | D:4      | Reached skill level 1 in Maces & Flails
   651 | D:4      | Found a glowing silver altar of Zin.
   654 | D:4      | Became a worshipper of Zin the Law-Giver
   665 | D:5      | Entered Level 5 of the Dungeon
   701 | D:5      | Reached * piety under Zin
   828 | D:5      | Reached XP level 7. HP: 50/67 MP: 6/6
   901 | D:5      | Reached skill level 4 in Axes
  1059 | D:6      | HP: 3/67 [killer bee (2)]
  1060 | D:6      | Zin protects you from harm!
  1060 | D:6      | Slain by a killer bee

Skill      XL: |  1  2  3  4  5  6  7 |
---------------+----------------------+-----
Axes           | 2 3 4 |  4.1
Dodging        | 3 |  3.6
Shields        | 3 |  3.2
Fighting       | 3 |  3.6
Maces & Flails | 1 |  1.0
Long Blades    | |  1.7
Stealth        | |  0.1
Evocations     | |  0.2

Action                   |  1- 3 |  4- 6 |  7- 9 || total
-------------------------+-------+-------+-------++-------
Melee: Long sword        |    39 |       |       ||    39
       War axe           |    41 |    55 |    22 ||   118
       Giant club        |       |     6 |       ||     6
Evoke: Wand              |       |     1 |       ||     1
  Use: Potion            |     1 |     2 |     1 ||     4
       Scroll            |     6 |     1 |     1 ||     8
  Eat: Bread ration      |       |     2 |       ||     2
Armor: Robe              |    25 |     9 |    12 ||    46
Dodge: Dodged            |    33 |    21 |    17 ||    71
Block: Shield            |    45 |    23 |    16 ||    84
       Rpst.: Long sword |     6 |       |       ||     6
